 Dungeon Crawl Stone Soup version 0.28-a0-1387-g3a22ab9bdc (webtiles) character file.

Game seed: 2616390575053281480

86 Deminshera the Skirmisher (level 4, 0/36 HPs)
             Began as a Hill Orc Abyssal Knight on Jan 2, 2022.
             Was a Believer of Lugonu.
             Succumbed to a scorpion's poison
             ... on level 3 of the Dungeon.
             The game lasted 00:01:58 (2763 turns).

Deminshera the Skirmisher (Hill Orc Abyssal Knight) Turns: 2763, Time: 00:01:58

Health: 0/36       AC:  9    Str: 17    XL:     4   Next: 49%
Magic:  6/6        EV:  7    Int: 10    God:    Lugonu [**....]
Gold:   30         SH:  0    Dex: 11    Spells: 3/3 levels left

rFire   + . .      SeeInvis .   a - +1 hand axe
rCold   + . .      Faith    .   (no shield)
rNeg    . . .      Spirit   .   c - +0 chain mail
rPois   +          Reflect  .   (no helmet)
rElec   +          Harm     .   (no cloak)
rCorr   +          Rampage  .   (no gloves)
Will    .....                   (no boots)
Stlth   ..........              (no amulet)
HPRegen 0.12/turn               (no ring)
MPRegen 0.10/turn               (no ring)

@: lethally poisoned (0 -> -6), resistant, attractive
A: frail 1
a: Renounce Religion, Depart the Abyss, Bend Space


You were on level 3 of the Dungeon.
You worshipped Lugonu.
Lugonu was pleased with you.
You visited 1 branch of the dungeon, and saw 3 of its levels.
You visited the Abyss 1 time.

You collected 30 gold pieces.

Inventory:

Hand Weapons
 a - a +1 hand axe (weapon)
Missiles
 i - 10 poisoned darts (quivered)
Armour
 c - a +0 chain mail (worn)
Jewellery
 k - a +4 ring of protection
Scrolls
 e - 2 scrolls of noise {unknown}
 f - a scroll of teleportation {unknown}
 h - a scroll of enchant armour {unknown}
 j - a scroll of immolation {unknown}
Potions
 b - a potion of attraction


   Skills:
 + Level 4.3 Fighting
 + Level 3.6 Axes
 + Level 2.9 Armour
 + Level 1.5 Dodging
 + Level 3.4 Invocations


You had 3 spell levels left.
You didn't know any spells.
Your spell library contained the following spells:

 Spells                   Type           Power      Damage    Failure   Level
 Sandblast                Erth           0%         2d4       99%         1
 Passwall                 Tmut/Erth      0%         N/A       100%        2
 Stone Arrow              Conj/Erth      0%         3d7       100%        3


Dungeon Overview and Level Annotations

Branches:
Dungeon (3/15)

Altars:


Innate Abilities, Weirdness & Mutations

You are frail. (-10% HP)


Message History

A scorpion is nearby!
The scorpion stings you.
You throw a poisoned dart.
The poisoned dart closely misses the scorpion.
The scorpion stings you!
You throw a poisoned dart. The poisoned dart hits the scorpion.
The scorpion is poisoned.
The scorpion stings you.
You are poisoned.
The scorpion poisons you!
You throw a poisoned dart. The poisoned dart hits the scorpion.
The scorpion is lightly wounded.
You feel sick. The scorpion stings you.
You are lethally poisoned!
The scorpion poisons you!
You are too injured to fight recklessly!
It was a potion of attraction.
You feel attractive to monsters.
* * * LOW HITPOINT WARNING * * *
You feel very sick. The scorpion closely misses you.
It was a potion of mutation.
You feel extremely strange.
You feel frail.
* * * LOW HITPOINT WARNING * * *
You feel very sick.
The scorpion stings you but does no damage.
The scorpion stings you.
* * * LOW HITPOINT WARNING * * *
It was a potion of resistance.
You feel protected.
* * * LOW HITPOINT WARNING * * *
You feel sick.
The scorpion stings you but does no damage.
You closely miss the scorpion.
The scorpion is heavily wounded.
* * * LOW HITPOINT WARNING * * *
You feel sick.
The scorpion stings you but does no damage.
You hit the scorpion.
The scorpion is severely wounded.
You die...

#...# #...# #####...####
........... ..........
....... #.# #..s# #.# #..@#
#.# #...# ... #.†.# #.# #.>.#
#.####### ##.### #.##..... .
##...#######.##.#### .##
###...........#...#### ...
.........##...###......
##.##.##.#...........#.#.####


You could see a scorpion (poisoned).

Vanquished Creatures
  3 adders (D:3)
  2 worms (D:2)
  2 dart slugs (D:2)
  3 endoplasms (D:2)
  2 giant cockroaches
  8 goblins
  4 hobgoblins
  2 jackals (D:1)
  3 quokkas
  3 ball pythons
  A bat (D:2)
  4 frilled lizards (D:1)
  2 kobolds
  9 rats
48 creatures vanquished.

Vanquished Creatures (others)
  3 fungi (D:3)
  3 plants (D:3)
6 creatures vanquished.

Grand Total: 54 creatures vanquished

Notes
Turn   | Place    | Note
-------+----------+-------------------------------------------
     0 | Abyss:1  | Deminshera the Hill Orc Abyssal Knight began the quest for
                  | the Orb.
     0 | Abyss:1  | Reached XP level 1. HP: 19/19 MP: 2/2
    32 | D:1      | Escaped the Abyss
   193 | D:1      | Reached skill level 1 in Dodging
   193 | D:1      | Reached XP level 2. HP: 27/27 MP: 3/3
   473 | D:1      | Reached ** piety under Lugonu
   757 | D:2      | Reached XP level 3. HP: 31/33 MP: 5/5
   851 | D:2      | Reached skill level 4 in Fighting
  2557 | D:3      | Reached XP level 4. HP: 28/40 MP: 6/6
  2752 | D:3      | Noticed a scorpion
  2760 | D:3      | Gained mutation: You are frail. (-10% HP) [potion of
                  | mutation]
  2763 | D:3      | Succumbed to a scorpion's poison

Illustrated notes

Levels and vault maps discovered:
D:1:      dpeg_arrival_tiny_a, layout_basic
D:2:      layout_basic, minmay_misc_feat_tiny, grunt_decor_clamped
D:3:      layout_loops_cross, shapermc_ecumenical_altar_mp_urbaneastern

Skill      XL: |  1  2  3 |
---------------+----------+-----
Dodging        | 1 |  1.5
Axes           | 3 |  3.6
Fighting       | 4 |  4.3
Invocations    | 3 |  3.4
Armour         | |  2.9

Action                   |  1- 3 |  4- 6 || total
-------------------------+-------+-------++-------
Melee: Hand axe          |   127 |    15 ||   142
Throw: Dart              |     5 |     5 ||    10
  Use: Potion            |       |     3 ||     3
Armor: Chain mail        |    67 |    10 ||    77
       Leather armour    |     1 |       ||     1
Dodge: Dodged            |    49 |     7 ||    56

Table legend: (Time is in decaauts)
 A = Elapsed time spent in this place.
 B = Non-inter-level travel time spent in this place.
 C = Inter-level travel time spent in this place.
 D = Time resting spent in this place.
 E = Time spent auto-exploring this place.
 F = Levels seen in this place.
 G = Mean time per level.
                   A        B        C        D        E       F      G
               +--------+--------+--------+--------+--------+-----+--------+
         Total |   2783 |   2737 |     46 |    656 |   1719 |   4 |  695.8 |
       Dungeon |   2751 |   2705 |     46 |    656 |   1694 |   3 |  917.0 |
         Abyss |     32 |     32 |      0 |      0 |     25 |   1 |   32.0 |
               +--------+--------+--------+--------+--------+-----+--------+

Top non-repeatable levels by time:
     D:2: 1739 daAuts
     D:1: 678 daAuts
     D:3: 333 daAuts
 Abyss:1: 32 daAuts
